 Dungeon Crawl Stone Soup version 0.27-a0-808-g60bc5d92e6 (webtiles) character file.

Game seed: 16630370300486931230

29754 harryhousin the Destroyer (level 13, -12/99 HPs)
             Began as a Gnoll Conjurer on Mar 28, 2021.
             Was an Elder of Vehumet.
             Mangled by a boulder beetle (49 damage)
             ... on level 12 of the Dungeon on Mar 29, 2021.
             The game lasted 02:48:35 (20555 turns).

harryhousin the Destroyer (Gnoll Conjurer)         Turns: 20555, Time: 02:48:37

Health: -12/99     AC: 17    Str:  8    XL:     13   Next: 47%
Magic:  7/26       EV: 15    Int: 21    God:    Vehumet [****..]
Gold:   400        SH:  0    Dex: 11    Spells: 17/31 levels left

rFire    + + +     SeeInvis .   t - +4 whip "Kirchun" {elec, rF++}
rCold    . . .     Faith    .   (no shield)
rNeg     . . .     Spirit   .   J - +0 steam dragon scales
rPois    .         Reflect  .   I - +2 hat {Stlth+}
rElec    .         Harm     .   (no cloak)
rCorr    .         Rampage  .   p - +2 pair of gloves
Will     .....                  O - +0 pair of boots
Stlth    +++++.....             L - amulet of the acrobat
HPRegen  0.26/turn              q - +4 ring of protection
MPRegen  0.20/turn              a - ring "Dystrera" {rF++ Slay+4}

@: no status effects
A: fangs 1, strong nose, distributed training
a: Renounce Religion


You were on level 12 of the Dungeon.
You worshipped Vehumet.
Vehumet was greatly pleased with you.
You visited 3 branches of the dungeon, and saw 16 of its levels.

You collected 1022 gold pieces.
You spent 622 gold pieces at shops.

Inventory:

Hand Weapons
 e - a +0 short sword of speed
 o - a +2 hand axe of flaming
 t - the +4 whip "Kirchun" (weapon) {elec, rF++}
   (You found it on level 4 of the Dungeon)

   Occasionally, upon striking a foe, it can discharge electrical energy and
   cause terrible harm.
   It greatly protects you from fire.
 F - a +1 dagger of draining
Armour
 p - a +2 pair of gloves (worn)
 I - a +2 hat of stealth (worn)
 J - +0 steam dragon scales (worn)
 O - a +0 pair of boots (worn)
 V - a +0 kite shield
Jewellery
 a - the ring "Dystrera" (right hand) {rF++ Slay+4}
   (You found it on level 9 of the Dungeon)

   [ring of slaying]

   It affects your accuracy and damage with ranged weapons and melee attacks
   (+4).
   It greatly protects you from fire.
 q - a +4 ring of protection (left hand)
 s - a ring of resist corrosion
 L - an amulet of the acrobat (around neck)
 Q - a ring of wizardry
Wands
 u - a wand of polymorph (28)
 w - a wand of iceblast (22)
 C - a wand of mindburst (25)
 E - a wand of flame (13)
 K - a wand of random effects (30)
 S - a wand of acid (5)
Scrolls
 b - 7 scrolls of teleportation
 c - 3 scrolls of noise {unknown}
 d - 3 scrolls of fog
 f - a scroll of identify
 g - 2 scrolls of vulnerability
 h - 3 scrolls of torment {unknown}
 n - 7 scrolls of enchant armour
 r - 2 scrolls of blinking {unknown}
 v - 4 scrolls of enchant weapon
 y - 4 scrolls of amnesia {unknown}
 D - 2 scrolls of holy word
 G - 3 scrolls of magic mapping
 R - a scroll of immolation {unknown}
Potions
 i - 2 potions of berserk rage
 j - 3 potions of attraction
 k - 8 potions of curing
 l - 2 potions of heal wounds
 m - 2 potions of haste
 x - a potion of mutation {unknown}
 z - 2 potions of ambrosia {unknown}
 A - 3 potions of resistance
 B - 2 potions of cancellation
 H - 3 potions of brilliance
 N - 2 potions of flight {unknown}
 P - a potion of degeneration {unknown}
 T - a potion of invisibility
 U - a potion of lignification {unknown}
Miscellaneous
 M - a condenser vane


   Skills:
 + Level 8.3 Fighting
 + Level 8.3 Short Blades
 + Level 8.3 Long Blades
 + Level 8.3 Axes
 + Level 8.3 Maces & Flails
 + Level 8.3 Polearms
 + Level 8.3 Staves
 + Level 8.3 Slings
 + Level 8.3 Bows
 + Level 8.3 Crossbows
 + Level 8.3 Throwing
 + Level 8.3 Armour
 + Level 9.5 Dodging
 + Level 9.3 Stealth
 + Level 8.3 Shields
 + Level 8.3 Unarmed Combat
 + Level 9.7 Spellcasting
 + Level 10.0 Conjurations
 + Level 6.9 Hexes
 + Level 6.9 Summonings
 + Level 6.9 Necromancy
 + Level 6.9 Translocations
 + Level 6.9 Transmutations
 + Level 6.9 Fire Magic
 + Level 6.9 Ice Magic
 + Level 6.9 Air Magic
 + Level 6.9 Earth Magic
 + Level 6.9 Poison Magic
 + Level 9.1 Invocations
 + Level 8.3 Evocations


You had 17 spell levels left.
You knew the following spells:

 Your Spells              Type           Power      Damage    Failure   Level
a - Magic Dart            Conj           100%       1d8       1%          1
b - Searing Ray           Conj           100%       3d7       1%          2
c - Stone Arrow           Conj/Erth      90%        3d12      1%          3
d - Freeze                Ice            100%       1d11      1%          1
e - Shock                 Conj/Air       100%       1d9       1%          1
f - Ignite Poison         Fire/Tmut/Pois 39%        N/A       1%          3
g - Tukima's Dance        Hex            39%        N/A       1%          3

Your spell library contained the following spells:

 Spells                   Type           Power      Damage    Failure   Level
 Hailstorm                Conj/Ice       45%        3d10      1%          4
 Animate Skeleton         Necr           78%        N/A       1%          1
 Apportation              Tloc           78%        N/A       1%          1
 Corona                   Hex            43%        N/A       1%          1
 Sandblast                Erth           78%        2d17      1%          1
 Summon Small Mammal      Summ           100%       N/A       1%          1
 Passwall                 Tmut/Erth      32%        N/A       1%          2
 Dazzling Flash           Conj/Hex       90%        N/A       1%          3
 Lesser Beckoning         Tloc           19%        N/A       1%          3
 Fulminant Prism          Conj/Hex       22%        3d13      1%          4
 Iskenderun's Mystic Bla  Conj/Tloc      45%        2d10      1%          4
 Irradiate                Conj/Tmut      22%        3d21      1%          5
 Cause Fear               Hex            19%        N/A       3%          4
 Petrify                  Tmut/Erth      39%        N/A       3%          4
 Lee's Rapid Deconstruct  Erth           19%        3d12*     3%          5
 Yara's Violent Unravell  Hex/Tmut       19%        3d9       3%          5
 Alistair's Intoxication  Tmut/Pois      26%        N/A       11%         5
 Silence                  Hex/Air        19%        N/A       11%         5
 Hydra Form               Tmut           19%        N/A       52%         6
 Invisibility             Hex            39%        N/A       52%         6
 Statue Form              Tmut/Erth      26%        N/A       52%         6
 Dragon Form              Tmut           19%        N/A       97%         7
 Discord                  Hex            19%        N/A       100%        8


Dungeon Overview and Level Annotations

Branches:
Dungeon (12/15)            Temple (1/1) D:6            Lair (3/6) D:9
 Shoals (0/4) Lair:3       Spider (0/4) Lair:3          Orc (0/2) D:10

Altars:
Ashenzari
Cheibriados
Dithmenos
Elyvilon
Fedhas
Gozag
Hepliaklqana
Kikubaaqudgha
Makhleb
Nemelex Xobeh
Okawaru
Qazlal
Ru
Sif Muna
Trog
Uskayaw
Vehumet
Wu Jian
Xom
Yredelemnul
Zin
The Shining One

Shops:
D:2 :   D:7 =   D:11 ?:!

Annotations:
D:7 1 runed translucent door, Crazy Yiuf


Innate Abilities, Weirdness & Mutations

You have very sharp teeth.
Your uncanny sense of smell can sniff out nearby items.
Your experience applies equally to all skills.


Message History

The boulder beetle bites you!
You feel much better.
The boulder beetle bites you but does no damage.
You hit the boulder beetle but do no damage.
Lightning courses through the boulder beetle!
The boulder beetle is heavily wounded.
Casting: Stone Arrow (safe; 1% risk of failure)
Confirm with . or Enter, or press ? or * to list all spells.
Okay, then.
Casting: Stone Arrow (safe; 1% risk of failure)
Confirm with . or Enter, or press ? or * to list all spells.
Aiming: Searing Ray (safe; 1% risk of failure)
Press: ? - help, Shift-Dir - straight line, f/p - boulder beetle
Aim: a boulder beetle (heavily wounded, 0% to evade)
The searing ray hits the boulder beetle.
The boulder beetle is heavily wounded. (Press . to maintain the ray.)
The boulder beetle completely misses you.
The searing ray hits the boulder beetle!
The boulder beetle is heavily wounded.
The boulder beetle waves its antennae.
The boulder beetle leaps!
The boulder beetle curls into a ball and begins rolling!
You see here a vampire mosquito corpse.
You see here a +0 falchion.
The boulder beetle hits you!!!
The boulder beetle stops rolling and uncurls.
The boulder beetle curls into a ball and begins rolling!
Casting: Searing Ray (safe; 1% risk of failure)
Confirm with . or Enter, or press ? or * to list all spells.
You can't see any susceptible monsters within range! (Use Z to cast anyway.)
Casting: Searing Ray (safe; 1% risk of failure)
Confirm with . or Enter, or press ? or * to list all spells.
Aiming: Freeze (safe; 1% risk of failure)
Press: ? - help, Shift-Dir - straight line, f/p - boulder beetle
Aim: a boulder beetle (heavily wounded)
You freeze the boulder beetle!
The boulder beetle is heavily wounded.
The boulder beetle hits you!!!
You die...

............. .........#########
.................................
#####.###### #...................
#.########..#######..#######.
#####...........#######..#######.
.................................
...........................[.....
..######...#####...######..######
..######........@B°..............
...................°..)..........
###....<.....###########.########
#.#######..# #○# # ..# #.# ...
............... ∆ ....
.......°....... ###
#.............. #............##


You could see a boulder beetle.

Vanquished Creatures
  Gastronok (D:10)
  Snorg (D:12)
  3 hydras
  3 two-headed ogres
  Sonja (Lair:1)
  An ugly thing (D:12)
  3 manticores
  Joseph (D:9)
  A rime drake (Lair:1)
  A gargoyle (D:12)
  An unseen horror (D:12)
  4 kobold demonologists
  Maggie (D:7)
  5 cane toads
  8 komodo dragons
  A hornet (D:7)
  A wind drake (Lair:3)
  12 blink frogs
  A shadow (D:9)
  2 wraiths
  4 wyverns
  26 yaks
  2 basilisks (D:9)
  Grum (Lair:1)
  2 steam dragons
  8 vampire mosquitoes
  7 water moccasins
  4 black bears
  5 ice beasts
  A sky beast (D:7)
  3 orc warriors
  2 necrophages (D:4)
  11 wolves
  5 ogres
  3 centaurs
  A phantom (D:5)
  3 kobold brigands
  5 bullfrogs
  2 gnoll sergeants
  A water moccasin skeleton (D:6)
  2 scorpions (D:4)
  An electric eel (D:6)
  5 centaur zombies
  A gnoll shaman (D:9)
  3 orc priests
  3 centaur skeletons
  2 iguanas
  Ijyb (D:4)
  6 orc wizards
  A killer bee zombie (D:5)
  A hound zombie (D:5)
  4 howler monkey zombies
  Robin (D:3)
  18 gnolls
  4 adders
  3 ufetubi
  2 worms (D:4)
  3 dart slugs
  40 orcs
  6 bats
  7 endoplasms
  4 giant cockroaches
  21 goblins
  11 hobgoblins
  7 jackals
  18 kobolds
  5 quokkas
  6 ball pythons
  5 frilled lizards
  5 rats
344 creatures vanquished.

Vanquished Creatures (others)
  A water moccasin (D:9)
  12 fungi
  31 plants
44 creatures vanquished.

Grand Total: 388 creatures vanquished

Notes
Turn   | Place    | Note
-------+----------+-------------------------------------------
     0 | D:1      | harryhousin the Gnoll Conjurer began the quest for the Orb.
     0 | D:1      | Reached XP level 1. HP: 13/13 MP: 6/6
    87 | D:1      | Reached XP level 2. HP: 16/19 MP: 2/7
   178 | D:1      | Learned a level 2 spell: Searing Ray
   440 | D:1      | Reached XP level 3. HP: 21/25 MP: 1/9
   441 | D:1      | Reached skill level 5 in Spellcasting
   833 | D:2      | Reached skill level 1 in Invocations
   861 | D:2      | Reached skill level 1 in Fighting
   861 | D:2      | Reached skill level 1 in Short Blades
   861 | D:2      | Reached skill level 1 in Long Blades
   861 | D:2      | Reached skill level 1 in Axes
   861 | D:2      | Reached skill level 1 in Maces & Flails
   861 | D:2      | Reached skill level 1 in Polearms
   861 | D:2      | Reached skill level 1 in Staves
   861 | D:2      | Reached skill level 1 in Slings
   861 | D:2      | Reached skill level 1 in Bows
   861 | D:2      | Reached skill level 1 in Crossbows
   861 | D:2      | Reached skill level 1 in Throwing
   861 | D:2      | Reached skill level 1 in Armour
   861 | D:2      | Reached skill level 1 in Shields
   861 | D:2      | Reached skill level 1 in Unarmed Combat
   861 | D:2      | Reached skill level 1 in Evocations
   861 | D:2      | Reached XP level 4. HP: 22/32 MP: 0/11
   879 | D:2      | Reached skill level 1 in Hexes
   879 | D:2      | Reached skill level 1 in Summonings
   879 | D:2      | Reached skill level 1 in Necromancy
   879 | D:2      | Reached skill level 1 in Translocations
   879 | D:2      | Reached skill level 1 in Transmutations
   879 | D:2      | Reached skill level 1 in Fire Magic
   879 | D:2      | Reached skill level 1 in Ice Magic
   879 | D:2      | Reached skill level 1 in Air Magic
   879 | D:2      | Reached skill level 1 in Earth Magic
   879 | D:2      | Reached skill level 1 in Poison Magic
  1404 | D:2      | Found a faded altar of an unknown god.
  1454 | D:2      | Found Qothruca's Book Emporium.
  2041 | D:3      | Reached XP level 5. HP: 37/37 MP: 4/12
  2144 | D:3      | Noticed Robin
  2232 | D:3      | Killed Robin
  2494 | D:3      | Found a basalt altar of Yredelemnul.
  2522 | D:3      | Found an ornate altar of the Wu Jian Council.
  2527 | D:3      | Noticed a spectral centipede
  2527 | D:3      | Noticed a spectral black mamba
  2527 | D:3      | Noticed a spectral cane toad
  2755 | D:3      | Found a glowing silver altar of Zin.
  2755 | D:3      | Found a glowing golden altar of the Shining One.
  2755 | D:3      | Found a white marble altar of Elyvilon.
  2957 | D:4      | Noticed an ogre
  2966 | D:4      | Killed an ogre
  2967 | D:4      | Reached XP level 6. HP: 43/44 MP: 0/14
  3144 | D:4      | Reached skill level 5 in Dodging
  3221 | D:4      | You fall into a shaft and drop 2 floors!
  3355 | D:6      | Found a broken altar of Ashenzari.
  3417 | D:6      | Noticed an ice beast
  3426 | D:6      | Killed an ice beast
  3427 | D:6      | Reached XP level 7. HP: 50/50 MP: 6/15
  3619 | D:5      | Entered Level 5 of the Dungeon
  3802 | D:5      | Reached skill level 5 in Stealth
  4136 | D:4      | Noticed Ijyb
  4139 | D:4      | Reached XP level 8. HP: 57/57 MP: 13/16
  4222 | D:4      | Identified the +4 whip "Kirchun" {elec, rF++}
  4250 | D:4      | Killed Ijyb
  4964 | D:5      | Found a hazy altar of Hepliaklqana.
  6059 | D:6      | Found a staircase to the Ecumenical Temple.
  6067 | Temple   | Entered the Ecumenical Temple
  6146 | Temple   | Became a worshipper of Vehumet
  6244 | D:6      | Reached XP level 9. HP: 65/65 MP: 11/18
  6404 | D:6      | Learned a level 3 spell: Stone Arrow
  6796 | D:6      | Found a sparkling altar of Nemelex Xobeh.
  7249 | D:7      | Noticed a two-headed ogre
  7261 | D:7      | Killed a two-headed ogre
  7262 | D:7      | Reached skill level 8 in Conjurations
  7533 | D:7      | Found Utagiata's Jewellery Boutique.
  7550 | D:7      | Reached skill level 5 in Invocations
  7828 | D:7      | Noticed Maggie
  7835 | D:7      | Killed Maggie
  7836 | D:7      | Reached XP level 10. HP: 73/73 MP: 10/20
  7842 | D:7      | Reached * piety under Vehumet
  7842 | D:7      | Offered knowledge of Freeze by Vehumet.
  7846 | D:7      | Reached skill level 5 in Fighting
  7846 | D:7      | Reached skill level 5 in Short Blades
  7846 | D:7      | Reached skill level 5 in Long Blades
  7846 | D:7      | Reached skill level 5 in Axes
  7846 | D:7      | Reached skill level 5 in Maces & Flails
  7846 | D:7      | Reached skill level 5 in Polearms
  7846 | D:7      | Reached skill level 5 in Staves
  7846 | D:7      | Reached skill level 5 in Slings
  7846 | D:7      | Reached skill level 5 in Bows
  7846 | D:7      | Reached skill level 5 in Crossbows
  7846 | D:7      | Reached skill level 5 in Throwing
  7846 | D:7      | Reached skill level 5 in Armour
  7846 | D:7      | Reached skill level 5 in Shields
  7846 | D:7      | Reached skill level 5 in Unarmed Combat
  7846 | D:7      | Reached skill level 5 in Evocations
  7855 | D:7      | Learned a level 1 spell: Freeze
  8210 | D:7      | Paralysed by a hornet for 3 turns
  8789 | D:7      | Found a runed translucent door.
  8790 | D:7      | Noticed Crazy Yiuf
  8842 | D:8      | Noticed a two-headed ogre
  8851 | D:8      | Killed a two-headed ogre
  9370 | D:8      | Found an iron altar of Okawaru.
  9648 | D:8      | Noticed a seven-headed hydra
  9654 | D:8      | Killed a seven-headed hydra
  9655 | D:8      | Found a blossoming altar of Fedhas.
 11334 | D:9      | Reached XP level 11. HP: 81/81 MP: 11/22
 11500 | D:9      | Reached ** piety under Vehumet
 11522 | D:9      | Offered knowledge of Shock by Vehumet.
 11525 | D:9      | Learned a level 1 spell: Shock
 11910 | D:9      | Found a staircase to the Lair.
 11914 | D:9      | Reached skill level 5 in Hexes
 11914 | D:9      | Reached skill level 5 in Summonings
 11914 | D:9      | Reached skill level 5 in Necromancy
 11914 | D:9      | Reached skill level 5 in Translocations
 11914 | D:9      | Reached skill level 5 in Transmutations
 11914 | D:9      | Reached skill level 5 in Fire Magic
 11914 | D:9      | Reached skill level 5 in Ice Magic
 11914 | D:9      | Reached skill level 5 in Air Magic
 11914 | D:9      | Reached skill level 5 in Earth Magic
 11914 | D:9      | Reached skill level 5 in Poison Magic
 12537 | D:9      | Identified the ring "Dystrera" {rF++ Slay+4}
 12539 | D:9      | Noticed Joseph
 12559 | D:9      | Killed Joseph
 12744 | D:9      | Noticed a two-headed ogre
 12755 | D:9      | Killed a two-headed ogre
 13254 | D:9      | Reached skill level 9 in Conjurations
 13880 | Lair:1   | Entered Level 1 of the Lair of Beasts
 14100 | Lair:1   | Offered knowledge of Ignite Poison by Vehumet.
 15030 | Lair:1   | Noticed Grum
 15034 | Lair:1   | Reached XP level 12. HP: 75/89 MP: 14/24
 15036 | Lair:1   | Killed Grum
 15365 | Lair:1   | Learned a level 3 spell: Ignite Poison
 15456 | Lair:1   | Noticed Sonja
 15459 | Lair:1   | Killed Sonja
 15459 | Lair:1   | Reached *** piety under Vehumet
 16207 | Lair:2   | Noticed a four-headed hydra
 16216 | Lair:2   | Killed a four-headed hydra
 17092 | Lair:3   | Noticed a seven-headed hydra
 17101 | Lair:3   | Killed a seven-headed hydra
 17389 | Lair:3   | Found a staircase to the Shoals.
 17407 | Lair:3   | Found a hole to the Spider Nest.
 18027 | D:10     | Entered Level 10 of the Dungeon
 18254 | D:10     | Learned a level 3 spell: Tukima's Dance
 18300 | D:10     | Offered knowledge of Frozen Ramparts by Vehumet.
 18645 | D:10     | Found a staircase to the Orcish Mines.
 18645 | D:10     | Noticed Gastronok
 18680 | D:10     | Killed Gastronok
 18681 | D:10     | Reached XP level 13. HP: 50/98 MP: 8/26
 19024 | D:11     | Found Locolul's Distillery.
 19028 | D:11     | Bought a potion of invisibility for 112 gold pieces
 19028 | D:11     | Bought a potion of heal wounds for 70 gold pieces
 19428 | D:11     | Found Doloigh's Magic Scroll Emporium.
 19430 | D:11     | Found Feobloix's Book Boutique.
 19464 | D:11     | Bought a scroll of enchant armour for 97 gold pieces
 19464 | D:11     | Bought a scroll of enchant weapon for 97 gold pieces
 19464 | D:11     | Bought a scroll of identify for 26 gold pieces
 19464 | D:11     | Bought a scroll of enchant weapon for 97 gold pieces
 19464 | D:11     | Bought a scroll of enchant armour for 97 gold pieces
 19464 | D:11     | Bought a scroll of fog for 26 gold pieces
 20185 | D:12     | Reached **** piety under Vehumet
 20412 | D:12     | Noticed Snorg
 20420 | D:12     | Killed Snorg
 20534 | D:12     | Reached skill level 10 in Conjurations
 20535 | D:12     | Offered knowledge of Hailstorm by Vehumet.
 20555 | D:12     | Mangled by a boulder beetle

Illustrated notes

Levels and vault maps discovered:
D:1:      minmay_arrival_wavy_path, layout_basic
D:2:      layout_basic, chequers_ecumenical_altar_grove, serial_shops, shop
D:3:      layout_rooms, good_gods_mini_temple, lemuel_crystal_altar,
          pdpol_wu_jian_five_deadly_venoms, kennysheep_generic_room_11,
          uniq_robin
D:4:      kennysheep_the_goblin_king, layout_cave_pools, portal_sewer_entry_d,
          uniq_ijyb
D:5:      layout_cave_pools, nicolae_hepliaklqana_hazy_memory
D:6:      layout_basic, evilmike_ruin_ashenzari, minmay_temple_entry_mist,
          minmay_misc_feat_pillars, chequers_big_river,
          nemelex_dance_club_becter
D:7:      layout_loops_ring, serial_shops, shop_fountains,
          minmay_misc_feat_plants, uniq_crazy_yiuf_cottage, uniq_maggie
D:8:      layout_loops_cross, okawaru_gym_becter, fedhas_altar_3,
          kennysheep_donut, minivault_21
D:9:      kennysheep_blocky_hall, layout_irregular_city,
          minmay_lair_entry_grove, lemuel_flame_loot_1, uniq_joseph
D:10:     layout_roguey, david_orc_3, uniq_gastronok
D:11:     layout_basic, serial_shops, shop, shop, nicolae_shop_crystal
D:12:     layout_long_grid, ebering_ghost_reflecting_pool, uniq_snorg
Temple:   nicolae_temple_god_jail
Lair:1:   layout_small_grid, uniq_grum, uniq_sonja
Lair:2:   layout_chaotic_city
Lair:3:   layout_hall_layers, minmay_shoals_entry_beasts, dummy_spider_entry,
          grunt_megastairs_5

Skill      XL: |  1  2  3  4  5  6  7  8  9 10 11 12 13 |
---------------+----------------------------------------+-----
Spellcasting   | 5 6 7 8 9 |  9.7
Invocations    | 1 2 3 4 5 6 7 8 9 |  9.1
Fighting       | 1 2 3 4 5 6 7 8 |  8.3
Short Blades   | 1 2 3 4 5 6 7 8 |  8.3
Long Blades    | 1 2 3 4 5 6 7 8 |  8.3
Axes           | 1 2 3 4 5 6 7 8 |  8.3
Maces & Flails | 1 2 3 4 5 6 7 8 |  8.3
Polearms       | 1 2 3 4 5 6 7 8 |  8.3
Staves         | 1 2 3 4 5 6 7 8 |  8.3
Slings         | 1 2 3 4 5 6 7 8 |  8.3
Bows           | 1 2 3 4 5 6 7 8 |  8.3
Crossbows      | 1 2 3 4 5 6 7 8 |  8.3
Throwing       | 1 2 3 4 5 6 7 8 |  8.3
Armour         | 1 2 3 4 5 6 7 8 |  8.3
Shields        | 1 2 3 4 5 6 7 8 |  8.3
Unarmed Combat | 1 2 3 4 5 6 7 8 |  8.3
Evocations     | 1 2 3 4 5 6 7 8 |  8.3
Hexes          | 1 2 3 4 5 6 |  6.9
Summonings     | 1 2 3 4 5 6 |  6.9
Necromancy     | 1 2 3 4 5 6 |  6.9
Translocations | 1 2 3 4 5 6 |  6.9
Transmutations | 1 2 3 4 5 6 |  6.9
Fire Magic     | 1 2 3 4 5 6 |  6.9
Ice Magic      | 1 2 3 4 5 6 |  6.9
Air Magic      | 1 2 3 4 5 6 |  6.9
Earth Magic    | 1 2 3 4 5 6 |  6.9
Poison Magic   | 1 2 3 4 5 6 |  6.9
Dodging        | 5 6 7 8 9 |  9.5
Stealth        | 5 6 7 8 9 |  9.3
Conjurations   | 8 9 10 | 10.0

Action                   |  1- 3 |  4- 6 |  7- 9 | 10-12 | 13-15 || total
-------------------------+-------+-------+-------+-------+-------++-------
Melee: Dagger            |    13 |    24 |       |       |       ||    37
       Unarmed           |     4 |       |       |       |       ||     4
       Bite              |     2 |       |       |     9 |       ||    11
       Hand axe          |       |       |     4 |       |       ||     4
       Whip              |       |       |    14 |   122 |    16 ||   152
       Punch             |       |       |       |     2 |     1 ||     3
 Cast: Magic Dart        |    41 |    73 |   112 |    63 |     2 ||   291
       Searing Ray       |     7 |    15 |    50 |    64 |    25 ||   161
       Stone Arrow       |       |       |     3 |   145 |    35 ||   183
       Freeze            |       |       |       |     5 |     4 ||     9
       Shock             |       |       |       |    68 |    19 ||    87
       Tukima's Dance    |       |       |       |       |     1 ||     1
  Use: Potion            |       |     1 |       |     2 |     1 ||     4
       Scroll            |       |       |       |     9 |     4 ||    13
Armor: Robe              |    10 |    10 |    29 |    32 |       ||    81
       Steam dragon scal |       |       |       |    59 |    29 ||    88
Dodge: Dodged            |    38 |    30 |    48 |   239 |    63 ||   418

Table legend: (Time is in decaauts)
 A = Elapsed time spent in this place.
 B = Non-inter-level travel time spent in this place.
 C = Inter-level travel time spent in this place.
 D = Time resting spent in this place.
 E = Time spent auto-exploring this place.
 F = Levels seen in this place.
 G = Mean time per level.
                   A        B        C        D        E       F      G
               +--------+--------+--------+--------+--------+-----+--------+
         Total |  20567 |  19544 |   1023 |   7125 |   6012 |  16 | 1285.4 |
       Dungeon |  16355 |  15505 |    850 |   5722 |   4921 |  12 | 1362.9 |
        Temple |     95 |     95 |      0 |      0 |     57 |   1 |   95.0 |
          Lair |   4116 |   3943 |    173 |   1403 |   1034 |   3 | 1372.0 |
               +--------+--------+--------+--------+--------+-----+--------+

Top non-repeatable levels by time:
     D:9: 2484 daAuts
  Lair:1: 2315 daAuts
     D:7: 2087 daAuts
     D:8: 2077 daAuts
     D:6: 1488 daAuts
     D:5: 1446 daAuts
     D:2: 1294 daAuts
     D:4: 1169 daAuts
     D:3: 1032 daAuts
  Lair:3: 983 daAuts
    D:10: 939 daAuts
  Lair:2: 817 daAuts
    D:12: 801 daAuts
     D:1: 766 daAuts
    D:11: 766 daAuts
